 Dungeon Crawl Stone Soup version 0.21-a0-522-ga8338f0 (webtiles) character file.

18 slep the Sneak (level 2, 0/16 HPs)
             Began as a Vine Stalker Wanderer on Dec 6, 2017.
             Engulfed by a cloud of flame (16 damage)
             ... on level 1 of the Dungeon.
             The game lasted 00:02:23 (803 turns).

slep the Sneak (Vine Stalker Wanderer)               Turns: 803, Time: 00:02:24

Health: 0/16       AC:  2    Str: 13    XL:     2   Next: 70%
Magic:  0/3        EV: 11    Int: 13    God:
Gold:   73         SH:  0    Dex: 13    Spells: 1/1 levels left

rFire    . . .     SeeInvis .   a - +2 spear
rCold    . . .     Gourm    .   (no shield)
rNeg     . . .     Faith    .   d - +0 robe
rPois    .         Spirit   +   (no helmet)
rElec    .         Reflect  .   (no cloak)
rCorr    .         Harm     .   (no gloves)
MR       .....                  (no boots)
Stlth    ++........             (no amulet)
HPRegen  0.05/turn              (no ring)
MPRegen  0.08/turn              (no ring)

@: no status effects
A: fangs 2, magic shield, antimagic bite, no potion heal 3, rot immunity
a: no special abilities


You were on level 1 of the Dungeon.
You were not hungry.

You visited 1 branch of the dungeon, and saw 1 of its levels.

You collected 73 gold pieces.

Inventory:

Hand Weapons
 a - a +2 spear (weapon)
Missiles
 h - 8 poisoned tomahawks (quivered)
Armour
 d - a +0 robe (worn)
Scrolls
 b - a scroll of teleportation
 c - 3 scrolls of identify {unknown}
 g - a scroll of magic mapping {unknown}
 i - a scroll of amnesia {unknown}
 j - a scroll of random uselessness {unknown}
Potions
 e - a potion of mutation {unknown}
Comestibles
 f - a bread ration


   Skills:
 + Level 3.1 Fighting
 + Level 1.3(1.5) Polearms
   Level 1.0(1.3) Staves
 + Level 1.0 Throwing
 + Level 0.1 Dodging
 + Level 4.0 Stealth
   Level 1.0 Evocations


You had one spell level left.
You didn't know any spells.

Dungeon Overview and Level Annotations

Branches:
Dungeon (1/15)

Altars:


Innate Abilities, Weirdness & Mutations

You have extremely sharp teeth.
When hurt, damage is shared between your health and your magic reserves.
Your bite disrupts and absorbs the magic of your enemies.
Potions cannot restore your health.
You are immune to rotting.


Message History

You open the door.
A rat comes into view.
There is an open door here.
You hit the rat. You bite the rat. You drain its power.
You kill the rat!
There is an open door here.
You open the door.
There is an open door here.
You open the door.
There is an open door here.
You open the door.
There is an open door here.
You open the door.
There is an open door here.
There is a large open door here.
Partly explored, can't reach some items and places.
Really walk into a travel-excluded area?
You are engulfed in blazing flames.
Ouch! That really hurt!
You die...

#####..............##.....# #.#
#####...........#####.....####.#
...##...>......## #...#####...#
...##..........# #.§§# #####
...###########.# #§§§# #
........# #....# #§§§# #
........# #....#####...# #
........# #.....§§§..$.. #
........# #)....@§§...).§ #
.)......# #.....§§§..((. #
........# ####.#####...# ######
....(...######.# #§§§# #.....
.....(......##.# #§§§# ###.#.
........(...##.# #§§§# #.#.
..#####(....##.#####...### #.#.
.........................#####.#.
................##.##........#...


There were no monsters in sight!

Vanquished Creatures
  A dart slug (D:1)
  A leopard gecko (D:1)
  A ball python (D:1)
  2 bats (D:1)
  A giant cockroach (D:1)
  A goblin (D:1)
  2 hobgoblins (D:1)
  3 kobolds (D:1)
  3 rats (D:1)
15 creatures vanquished.

Notes
Turn   | Place    | Note
-------+----------+-------------------------------------------
     0 | D:1      | slep the Vine Stalker Wanderer began the quest for the Orb.
     0 | D:1      | slep set off with: a +2 spear, a scroll of teleportation, a +0 quarterstaff, a +0 robe, a +0 dagger, a bread ration
     0 | D:1      | Reached XP level 1. HP: 11/11 MP: 2/2
   123 | D:1      | Reached XP level 2. HP: 15/16 MP: 3/3
   372 | D:1      | Reached skill level 4 in Stealth
   803 | D:1      | Engulfed by a cloud of flame

Vault maps used:
D:1:      sevenhm_arrival_forest_fort_large_1, lemuel_flame_loot_1

Skill      XL: |  1  2 |
---------------+-------+-----
Fighting       | 3 |  3.1
Stealth        | 4 |  4.0
Polearms       | |  1.3
Staves         | |  1.0
Throwing       | |  1.0
Dodging        | |  0.1
Evocations     | |  1.0

Action                   || total
-------------------------++-------
Melee: Spear             ||    33
       Bite              ||     6
 Stab: Sleeping          ||     3
Armor: Robe              ||     7
Dodge: Dodged            ||    18

Table legend:
 A = Spawn XP
 B = Non-spawn XP
 C = Spawn XP percentage of total XP
 D = Spawn monster count
 E = Non-spawn monster count
 F = Spawn count percentage of total count
 G = Total turns spent on level
                    A         B        C        D         E        F      G
               +---------+---------+-------+---------+---------+-------+---------
         Total |       0 |      27 |   0.0 |       0 |      15 |   0.0 |   803
               +---------+---------+-------+---------+---------+-------+---------
           D:1 |       0 |      27 |   0.0 |       0 |      15 |   0.0 |   803
               +---------+---------+-------+---------+---------+-------+---------
